Cogmind - Beta 13 @@@ ROGUE MODE // 2024.05.21 @ 23:42:05 Player: wind0 Result: Self-destructed Performance ------------- Evolutions (1) 500 Regions Visited (2) 400 Robots Destroyed (14) 70 Value Destroyed (316) 316 Prototype IDs (0) 0 Alien Tech Used (0) 0 Bonus (0) 0 TOTAL SCORE: 1286 Bonus ------- None Cogmind --------- Core Integrity 370/400 Matter 5/300 Energy 265/265 System Corruption 0% Temperature Cool (0) Movement Treading (160) Location -9/Materials Parts ------- > --- POWER (1) -------- Improved Ion Engine > --- PROPULSION (4) --- Light Treads Light Treads > --- UTILITY (2) ------ Heat Sink Small Storage Unit > --- WEAPON (2) ------- Beam Rifle Assault Rifle > --- INVENTORY (8) ---- Light Ion Engine Light Ion Engine Light Treads Compact Wheel Compact Wheel Sensor Array Recalibrator Light Assault Rifle Peak State ------------ > --- POWER ------------ Improved Ion Engine > --- PROPULSION ------- Light Treads Light Treads Light Treads Aluminum Leg > --- UTILITY ---------- Heat Sink Small Storage Unit > --- WEAPON ----------- Beam Rifle Grenade Launcher > --- INVENTORY -------- Light Ion Engine Light Ion Engine Compact Wheel Compact Wheel Sensor Array Recalibrator Assault Rifle Light Assault Rifle [Rating: 12] Favorites ----------- Power Ion Engine Engine Ion Engine Propulsion Aluminum Leg Treads Light Treads Leg Aluminum Leg Utility Small Storage Unit Device Heat Sink Storage Small Storage Unit Protection Light Armor Plating Weapon Assault Rifle Energy Gun Beam Rifle Ballistic Gun Assault Rifle Launcher Grenade Launcher Build | -11 -10 -9 ------- Run | Yrd Mat Mat Slots Evolved 2 | . . 2 Power . | . . . Propulsion 2 | . . 2 Utility . | . . . Weapon . | . . . Parts Attached 18 | 8 2 8 Power 3 | 2 . 1 Engine 3 | 2 . 1 Core . | . . . Reactor . | . . . Propulsion 6 | 2 . 4 Treads 4 | . . 4 Leg 2 | 2 . . Wheel . | . . . Hover . | . . . Flight . | . . . Utility 3 | 1 1 1 Device 1 | . . 1 Storage 1 | 1 . . Processor . | . . . Hackware . | . . . Protection 1 | . 1 . Artifact . | . . . Weapon 6 | 3 1 2 Energy Gun 1 | . . 1 Energy Cannon . | . . . Ballistic Gun 4 | 3 . 1 Ballistic Cannon . | . . . Launcher 1 | . 1 . Special Weapon . | . . . Impact Weapon . | . . . Slashing Weapon . | . . . Piercing Weapon . | . . . Special Melee Weapon . | . . . Unidentified Prototypes . | . . . Parts Lost 4 | . . 4 Power . | . . . Propulsion 2 | . . 2 Utility 1 | . . 1 Weapon 1 | . . 1 Highest Loss Streak 2 | . . 2 To Critical Strikes . | . . . Average Slot Usage (%) 95 | . 97 94 Engine 12 | . 14 11 Treads 12 | . . 25 Leg 21 | . 28 14 Device 2 | . . 5 Storage 12 | . 14 11 Protection 7 | . 11 3 Energy Gun 1 | . . 2 Ballistic Gun 15 | . 21 9 Launcher 8 | . 7 10 Naked Turns . | . . . Heaviest Build 19 | 13 18 19 Greatest Support 60 | 20 20 60 Greatest Overweight (x) 1 | 1 . 1 Average Overweight (x) . | . . . Largest Inventory Capacity 8 | 8 8 8 Average Capacity 7 | 7 8 8 Most Carried 8 | 6 8 8 Average Carried 6 | 3 7 7 Final Capacity 8 | 8 8 8 Final Carried 8 | 6 8 8 Class Distribution -------------------- 94% | Mutant 5% | Scavenger-Mutant Dominant Class ---------------- Mutant | -10/Materials Mutant | -9/Materials Resources | -11 -10 -9 ----------- Run | Yrd Mat Mat Matter Collected 353 | 232 9 112 Remotely . | . . . Salvage Created 247 | . 114 133 Parts 22 | . 10 12 Haulers Intercepted . | . . . Recyclers Shooed 1 | . 1 . Parts Field Recycled . | . . . Retrieved Matter . | . . . Parts Self-Destructed . | . . . Prevented . | . . . Kills | -11 -10 -9 ------- Run | Yrd Mat Mat Combat Hostiles Destroyed 8 | . 5 3 Guns 2 | . 1 1 AOE 6 | . 4 2 Classes Destroyed 8 | . 5 3 Builder 1 | . 1 . Tunneler 1 | . . 1 Mechanic 1 | . . 1 Operator 1 | . 1 . Watcher 2 | . 1 1 Swarmer 3 | . 3 . Grunt 2 | . 2 . Sentry 3 | . . 3 Best Kill Streak 3 | . 3 2 Combat Bots Only 3 | . 3 1 Max Kills in Single Turn 2 | . 2 2 Gunslinging . | . . . Exploded 1 | . 1 1 Melee . | . . . Uniques/NPCs Destroyed . | . . . Combat | -11 -10 -9 -------- Run | Yrd Mat Mat Hostile Shots Fired 94 | . 51 43 Missed 37 | . 20 17 Damage Taken 898 | . 345 553 Core 94 | . 64 30 Absorbed by Shields . | . . . Core Remaining (%) 87 | 100 74 . Volleys Fired 45 | . 20 25 Largest 2 | . 2 2 Hottest 86 | . 50 86 Shots Fired 68 | . 33 35 Gun 49 | . 22 27 Cannon . | . . . Launcher 19 | . 11 8 Special . | . . . Kinetic 35 | . 22 13 Thermal 14 | . . 14 Explosive 19 | . 11 8 Electromagnetic . | . . . Robot Hit Streak 7 | . 3 7 Robot Miss Streak 7 | . 7 3 Penetration Max . | . . . Secondary Targets . | . . . Shots Hit Robots 27 | . 5 22 Core Hits 26 | . 14 12 Critical Kills . | . . . Critical Parts Destroyed . | . . . Critical Strikes . | . . . Melee Attacks . | . . . Impact . | . . . Slashing . | . . . Piercing . | . . . Sneak Attacks . | . . . Combat Hostiles . | . . . Follow-up Attacks . | . . . Damage Inflicted 1199 | . 596 603 Guns 317 | . 102 215 Cannons . | . . . Explosions 868 | . 480 388 Melee . | . . . Ramming 14 | . 14 . Kinetic 202 | . 102 100 Thermal 220 | . . 220 Explosive 763 | . 480 283 Electromagnetic . | . . . Impact . | . . . Slashing . | . . . Piercing . | . . . Highest Corruption . | . . . Average Corruption . | . . . Corruption Purged . | . . . Corruption Blocked . | . . . Overload Shots . | . . . Overflow Damage . | . . . Projectiles . | . . . Explosions . | . . . Melee . | . . . Knockbacks . | . . . Impact . | . . . Kinetic . | . . . Secondary . | . . . Self-Inflicted Damage 56 | . 46 10 Shots 4 | . 3 1 Rammed . | . . . Targets Rammed 1 | . 1 . Kicked 1 | . 1 . Crushed . | . . . Highest Temperature 69 | . 69 14 Average Temperature 21 | . 27 4 Received Heat Transfer 204 | . 108 96 Siege Activations . | . . . Robots Corrupted . | . . . Combat Hostiles . | . . . Parts Fried . | . . . Impact Corruptions . | . . . Robots Melted . | . . . Combat Hostiles . | . . . Parts Melted . | . . . Heat Transferred 396 | . . 396 Parts Sabotaged . | . . . Parts Stolen . | . . . Parts Stripped . | . . . Power Chain Reactions . | . . . Alert | -11 -10 -9 ------- Run | Yrd Mat Mat Peak Influence 306 | . 236 306 Initial 99 | . . 99 Average 117 | . 69 186 Maximum Alert Level 1 | . 1 1 Low Security (%) 81 | 100 90 68 Level 1 18 | . 9 31 Level 2 . | . . . Level 3 . | . . . Level 4 . | . . . Level 5 . | . . . High Security . | . . . Max Security . | . . . Squads Dispatched 4 | . 3 1 Investigation 2 | . 2 . Extermination . | . . . Reinforcement 2 | . 1 1 Assault . | . . . Garrison . | . . . Intercept . | . . . Searches Triggered . | . . . Construction Impeded . | . . . Haulers Reinforced . | . . . Active Scanning Responses . | . . . Cargo Convoy Interrupts . | . . . Stealth | -11 -10 -9 --------- Run | Yrd Mat Mat Distress Signals 2 | . 1 1 Communications Jammed . | . . . Distress Signals . | . . . Times Spotted 29 | . 21 8 Peak Tracking Total 6 | . 6 4 Tactical Retreats 1 | . 1 . Traps | -11 -10 -9 ------- Run | Yrd Mat Mat Traps Triggered 1 | . 1 . Indirectly . | . . . Trap Hack Attempts . | . . . Triggered . | . . . Disarmed . | . . . Reprogrammed . | . . . Reused . | . . . Traps Extracted . | . . . Installed . | . . . Triggered . | . . . Machines | -11 -10 -9 ---------- Run | Yrd Mat Mat Machines Disabled 1 | . . 1 Max in Single Turn 1 | . . 1 Machines Repaired . | . . . Machines Dismantled . | . . . Machines Sabotaged . | . . . Overloaded Fab Kills . | . . . Hacking | -11 -10 -9 --------- Run | Yrd Mat Mat Machines Accessed 2 | . 1 1 Terminals 2 | . 1 1 Fabricators . | . . . Repair Stations . | . . . Recycling Units . | . . . Scanalyzers . | . . . Garrison Access . | . . . Total Hacks 5 | . 3 2 Successful 2 | . 2 . Failed 3 | . 1 2 Catastrophic . | . . . Database Lockouts . | . . . Manual . | . . . Terminals 5 | . 3 2 Fabricators . | . . . Repair Stations . | . . . Recycling Units . | . . . Scanalyzers . | . . . Garrison Access . | . . . Terminal Hacks 2 | . 2 . Emergency Access Points 1 | . 1 . Zone Layout 1 | . 1 . Fabricator Hacks . | . . . Repair Station Hacks . | . . . Recycling Unit Hacks . | . . . Scanalyzer . | . . . Garrison Access Hacks . | . . . Unauthorized Hacks . | . . . Terminals . | . . . Fabricators . | . . . Repair Stations . | . . . Recycling Units . | . . . Scanalyzers . | . . . Garrison Access . | . . . Data Cores Recovered 1 | . 1 . Used 1 | . 1 . Hacking Detections 2 | . 1 1 Full Trace Events 1 | . 1 . Feedback Events . | . . . Feedback Blocked . | . . . Robot Schematics Acquired . | . . . Robots Built . | . . . Authchips . | . . . Time . | . . . Total Robot Build Rating . | . . . Part Schematics Acquired . | . . . Parts Built . | . . . Authchips . | . . . Time . | . . . Total Part Build Rating . | . . . Parts Repaired . | . . . Time . | . . . Parts Recycled . | . . . Recycled Matter . | . . . Retrieved Matter . | . . . Retrieved Components . | . . . Parts Scanalyzed . | . . . Part Schematics Acquired . | . . . Parts Damaged . | . . . Bothacking | -11 -10 -9 ------------ Run | Yrd Mat Mat Used RIF Installer . | . . . Robots Hacked . | . . . Non-combat . | . . . Combat . | . . . Robot Hacks Applied . | . . . Relay Couplers Released . | . . . Fabnet Peak Effective % . | . . . Robots Rewired . | . . . Allies Hacked . | . . . Hacks Repelled . | . . . Allies | -11 -10 -9 -------- Run | Yrd Mat Mat Total Allies . | . . . Largest Group . | . . . Highest-Rated Group . | . . . Highest-Rated Ally . | . . . Total Orders . | . . . Ally Attacks . | . . . Total Damage . | . . . Kills . | . . . Allies Corrupted . | . . . Allies Melted . | . . . Intel | -11 -10 -9 ------- Run | Yrd Mat Mat Robot Analysis Total . | . . . Derelict Logs Recovered . | . . . Drone Launches . | . . . Drone Recoveries . | . . . Exploration | -11 -10 -9 ------------- Run | Yrd Mat Mat Turns Passed 785 | 67 359 359 Spaces Moved 477 | 41 237 199 Core 12 | 12 . . Treads 95 | . . 95 Legs 370 | 29 237 104 Wheels . | . . . Hover . | . . . Flight . | . . . Fastest Speed 50 | 50 120 120 Average Speed 128 | 112 120 142 Slowest Speed 190 | 120 120 190 Overloaded Moves . | . . . Propulsion Burnouts . | . . . Robots Hopped . | . . . Cave-ins Triggered . | . . . Exploration Rate (%) 21 | 5 41 17 Regions Visited 2 Branch Regions . Pre-discovered Areas . | . . . Known Exits Taken . | . . . Unknown Exits Taken 2 | 1 1 . Scrap Searched . | . . . Spaces Dug . | . . . Terrain Destroyed 152 | . 78 74 Melee . | . . . Projectile . | . . . AOE 152 | . 78 74 Terrain Rammed . | . . . Walls Destroyed . | . . . Machines Disabled . | . . . Actions | -11 -10 -9 --------- Run | Yrd Mat Mat Total 576 | 60 278 238 Wait 16 | . 16 . Move 475 | 40 236 199 Hop . | . . . Pick Up 19 | 12 3 4 Fast Attach 3 | . . 3 Attach 10 | 6 1 3 Detach . | . . . Swap 5 | 2 1 2 Drop 2 | . . 2 Fire 45 | . 20 25 Melee . | . . . Ram . | . . . Kick 1 | . 1 . Crush . | . . . Escape Stasis . | . . . Rewire . | . . . Trap . | . . . Miscellaneous . | . . . Route ------- -11/Scrapyard -10/Materials (discovered 2 exits: *Mat / [*Min]) -9/Materials History --------- Turn | Location | Event 10 | -11/Scrapyard | Discovered new exit (range 13) 68 | -11/Scrapyard | Entered Materials 221 | -10/Materials | Discovered new exit (range 3) 272 | -10/Materials | Discovered new exit (range 16) 303 | -10/Materials | Build established: Mutant 427 | -10/Materials | Entered another Materials area 427 | -9/Materials | Evolved 2 slots: Propulsion x2 786 | -9/Materials | Self-destructed Last Messages --------------- 00705_ U-05 Engineer lays Concrete. 00720_ Connecting with Terminal... 00720_ Current location identified: Materials 00725_ W-16 Scout sends out distress signal. 00728_ T-07 Excavator is excavating. 00728_ T-07 Excavator destroyed. 00731_ W-16 Scout destroyed. 00733_ ALERT: Hostiles spotted, dispatching reinforcements to Terminal M012. 00743_ U-05 Engineer lays Concrete. 00746_ U-05 Engineer builds a Wall. 00746_ Lgt. Treads severed. 00749_ Acquired Lgt. Treads. 00752_ U-05 Engineer lays Concrete. 00752_ Grenade Launcher destroyed. 00761_ M-13 Machinist repairs Datajack. 00773_ Lgt. Treads severed. 00773_ M-13 Machinist repairs L-31 Rogue. 00773_ Acquired Lgt. Treads. 00778_ Aluminum Leg destroyed. Map ----- +----------------------------------------------------+ | ?????????????????????????????????????????? | | ?????????????????????????????????????????? | | ?????????????????????????????????????????? | | ?????????????????????????????????????????? | | ?????????????????????????????????????????? | | ?????????????????????????????????????????? | | ?????????????????????????????????????????? | | ?????????????????????????????????????????? | | ?????????????????????????????????????????? | | ?????????????????????????????????????????? | | ?????????????????????????????????????????? | | ??###########????????????????????????????? | | ??# #####????????????????????????? | | ?##"""""""" # ####?????????????????????? | | ?# " #### ####??????????????????? | | ?# ! # ### #######????????????? | | ?# # [! ### #????????????? | | # / * / """ T #??????##????? | | ?# # [ ### """ #???? #????? | | ?# ] # #?# """ #### ##???? | | ?# ## ##?# """ # #???? | | ?# ! ## #??# % *%!#???? | | ?# ?# #??# ! ! #??? | | ?########### #??# ### ####??? | | ??# # ########+######T# #?????? | | ??# # @lm #?????? | | ??# + g #?????? | | ??# # #?????? | | ??# ##################### #?????? | | ??# #???????????????????????#?????? | | ??# #?????????????????????????????? | | ??# #?????????????????????????????? | | ??# #?????????????????????????????? | | ??######/########????????????????????????? | | ?####?# + #????????????????????????? | | # # # """#????????????????????????? | | # # # """#????????????????????????? | | # + + """#????????????????????????? | | # # # #????????????????????????? | | # # #?? +????????????????????????? | | ####### #???? #????????????????????????? | | # # #??????????????????????????????? | | # # #??????????????????????????????? | | # """ #* #??????????????????????????????? | | # """ + #??????????????????????????????? | | # """ # #??????????????????????????????? | | # # #??????????????????????????????? | | # ! # #??????????????????????????????? | | ####### #??????????????????????????????? | | ??????# #??????????????????????????????? | +----------------------------------------------------+ Best States ------------- Heat Dissipation 38 Energy Generation 12 Energy Capacity 265 Matter Stores 252 Matter Capacity 300 Sight Range 16 Terrain Scan Density 10 Armor Coverage 150 Evasion (%) 55 Recoil Reduction 3 Item Schematics ----------------- None Robot Schematics ------------------ None Fabricated ------------ Nothing Alien Tech Used ----------------- None Achievements -------------- Dynamic Key One Hack Too Far Oops Challenges ------------ None Game ------ Seed MachinePulseNanovents Manual? 0 Play Time 00:17:08 Cumulative 1.0 hours Start 2024.05.21 @ 23:27:46 End 2024.05.21 @ 23:42:05 Sessions 1 Manual Loads 0 Difficulty Rogue Special Mode None Game No. 3 Rogue 3 Adventurer 0 Explorer 0 Win Type - Total 0 Types 0/0/0/0/0/0/0/0/0 Lore% 0 Gallery% 4 Achievement% 3 Wizard Run 0 Options --------- Layout 1 ASCII 0 Keyboard 0 Movement Mouse Keybinds 0 Fullscreen 1 Font 24/Smallcaps Map View 50x35 Zoom Use 0% Tactical HUD 1 Map Filters NONE Filters NONE Steam 1 RUN: 3486cd53-03d4-4b45-8ca7-d901515790ea